 Dungeon Crawl Stone Soup version 0.17.1-2-g5865329 (webtiles) character file.

15337 FortyThree the Carver (level 12, -5/129 HPs)
             Began as a Demonspawn Berserker on Feb 8, 2016.
             Was a High Priest of Trog.
             Slain by a spiny frog (8 damage)
             ... on level 2 of the Lair of Beasts.
             The game lasted 00:30:14 (14316 turns).

FortyThree the Carver (Demonspawn Berserker)       Turns: 14316, Time: 00:30:14

Health: -5/129     AC: 19    Str: 23    XL:     12   Next: 0%
Magic:  12/12      EV:  9    Int:  9    God:    Trog [*****.]
Gold:   428        SH:  0    Dex: 17    Spells: 0 memorised, 11 levels left

rFire  . . .     SeeInvis +     y - +3 great sword
rCold  . . .     Clarity  .     x - +0 chain mail
rNeg   . . .     SustAt   .     (shield currently unavailable)
rPois  +         Gourm    .     (helmet unavailable)
rElec  +         Spirit   .     o - +1 cloak
rCorr  .         Warding  .     z - +0 pair of gloves
rMut   .         Stasis   .     (no boots)
MR     ++...                    (no amulet)
Stlth  ..........               (no ring)
                                k - ring of poison resistance

@: berserking, regenerating, very quick, very resistant to hostile enchantments,
extremely unstealthy
A: antennae 3, thin metallic scales 3, demonic guardian 1, powered by pain 1
a: Berserk, Trog's Hand, Brothers in Arms, Burn Spellbooks, Renounce Religion


You were on level 2 of the Lair of Beasts.
You worshipped Trog.
Trog was extremely pleased with you.
You were not hungry.

You visited 2 branches of the dungeon, and saw 12 of its levels.

You collected 668 gold pieces.
You spent 240 gold pieces at shops.

Inventory:

Hand Weapons
 a - a +1 falchion
 y - a +3 great sword (weapon)
Missiles
 N - 2 needles of sleeping
Armour
 b - a +0 animal skin
 l - a +0 ring mail
 o - a +1 cloak (worn)
 x - a +0 chain mail (worn)
 z - a +0 pair of gloves (worn)
Jewellery
 k - a ring of poison resistance (left hand)
Wands
 m - a wand of fire (6)
 C - a wand of fireball (8)
 G - a wand of flame (22)
 J - a wand of fireball (6)
 K - a wand of paralysis (9)
Scrolls
 d - 3 scrolls of recharging
 j - 3 scrolls of remove curse
 q - 5 scrolls of teleportation
 s - 6 scrolls of identify
 v - 3 scrolls of enchant armour
 w - a scroll of blinking
 A - a scroll of fog
 E - a scroll of enchant weapon
Potions
 e - a potion of cancellation {unknown}
 g - a potion of beneficial mutation {unknown}
 h - a potion of degeneration {unknown}
 i - 10 potions of curing
 p - 5 potions of heal wounds
 u - a potion of agility {unknown}
 B - a potion of poison {unknown}
 D - 3 potions of lignification {unknown}
 F - 2 potions of flight {unknown}
 H - a potion of might {unknown}
 I - a potion of mutation {unknown}
 L - a potion of magic {unknown}
Books
 M - a book of Enchantments

   Spells                             Type                      Level
   a - Cause Fear                     Hexes                        4
   b - Silence                        Hexes/Air                    5
   c - Deflect Missiles               Charms/Air                   6
   d - Haste                          Charms                       6
   e - Discord                        Hexes                        8
   Trog disapproves of the use of such an item.
Comestibles
 c - 6 bread rations
 f - 7 meat rations
 n - 17 fruits
 r - 12 royal jellies
 t - 7 beef jerkies


   Skills:
 - Level 5.6 Fighting
 + Level 14.6 Long Blades
 + Level 9.1 Armour
 - Level 1.7 Dodging


You had 11 spell levels left.
You didn't know any spells.

Dungeon Overview and Level Annotations

Branches:
Dungeon (10/15)            Temple (0/1) D:5            Lair (2/8) D:8
    Orc (0/4) D:9

Altars:
Ashenzari
Cheibriados
Elyvilon
Fedhas
Gozag
Kikubaaqudgha
Makhleb
Okawaru
Qazlal
Sif Muna
Trog
Xom
The Shining One

Shops:
D:6 *}(}(   D:8 ([%   D:9 !


Innate Abilities, Weirdness & Mutations

You have a pair of large antennae on your head (SInv).
You are completely covered in thin metallic scales (AC +4, rElec).
A weak demonic guardian rushes to your aid.
You sometimes gain a little power by taking damage.


Message History

You slice the spiny frog!!
You kill the spiny frog!
Trog accepts your kill.
You have reached level 12!
Your experience leads to an increase in your attributes!
Your base attributes are Str 18, Int 9, Dex 15.
Increase (S)trength, (I)ntelligence, or (D)exterity?
You feel agile. x2
The spiny frog stings you.
* * * LOW HITPOINT WARNING * * *
You slice the spiny frog!!
The spiny frog is severely wounded.
The spiny frog stings you.
* * * LOW HITPOINT WARNING * * *
You hit the spiny frog.
The spiny frog is severely wounded.
You hit the spiny frog.
The spiny frog is almost dead.
The spiny frog stings you!
You die...

...............[................#
......#..##.#...#.##.#..........#
......########÷..######...###..##
......#### ###(÷## ####..####...#
......#...##....####.....P##...##
..........................#....#.
.........................####....
................F........###...##
................@........##.#...#
................†..............##
...............................)#
.................................
................................#
...............................##
..... ..................<.......#
.... ......(..................##
....#.##P....##.#........#


You could see a spiny frog.

Vanquished Creatures
  The ghost of emiel the Cleaver, a novice DsAs of Cheibriados (D:7)
  The ghost of emiel the Cleaver, a novice DDNe of Makhleb (D:10)
  A black mamba (Lair:2)
  An elephant (D:8)
  6 spiny frogs
  4 komodo dragons
  8 blink frogs
  A deep elf mage (D:10)
  A yak (D:8)
  A hippogriff (Lair:2)
  A mottled dragon (D:6)
  7 water moccasins
  2 porcupines (Lair:1)
  A spider (D:8)
  A soldier ant (D:8)
  4 orc warriors
  4 sky beasts
  2 black bears
  4 ogres
  3 phantoms
  11 ice beasts
  2 necrophages (D:10)
  3 wasps
  2 eyes of draining (D:9)
  7 centaurs
  8 crocodiles
  A big kobold (D:7)
  8 giant frogs
  A wyvern zombie (D:10)
  2 scorpions
  3 jellies
  6 killer bees (D:9)
  3 electric eels (D:10)
  2 wights (D:6)
  A quasit (D:6)
  2 hounds
  5 crimson imps
  2 giant frog zombies
  A giant frog skeleton (D:10)
  10 orc wizards
  Crazy Yiuf (D:4)
  An iguana (Lair:2)
  8 worker ants
  7 orc priests
  A centaur skeleton (D:5)
  8 sheep
  2 hound skeletons
  A worker ant zombie (D:5)
  Robin (D:4)
  12 adders
  10 river rats (Lair:2)
  A shadow imp (D:6)
  2 oozes
  3 worms
  6 giant geckos
  35 orcs
  3 giant cockroaches
  17 hobgoblins
  2 jackals (D:7)
  16 kobolds
  8 quokkas
  7 bats
  2 giant gecko skeletons
  6 giant newts
  12 goblins
  A quokka skeleton (D:6)
  9 rats
316 creatures vanquished.

Vanquished Creatures (collateral kills)
  A hill giant (D:6)
  Sigmund (D:6)
  A water moccasin (D:9)
  A porcupine (Lair:1)
  An ice beast (D:9)
  A crocodile (Lair:2)
  2 giant frogs
  2 wights (D:6)
  An orc wizard (D:6)
  A giant frog skeleton (D:9)
  A sheep (Lair:1)
  An orc (D:6)
14 creatures vanquished.

Vanquished Creatures (others)
  2 bushes
  A fungus (Lair:2)
  2 plants (D:7)
5 creatures vanquished.

Grand Total: 335 creatures vanquished

Notes
Turn   | Place    | Note
--------------------------------------------------------------
     0 | D:1      | FortyThree the Demonspawn Berserker began the quest for the Orb.
     0 | D:1      | Reached XP level 1. HP: 18/18 MP: 1/1
   223 | D:1      | Gained mutation: You are partially covered in thin metallic scales (AC +2). [demonic ancestry]
   223 | D:1      | Reached XP level 2. HP: 13/24 MP: 2/2
  1347 | D:2      | Reached XP level 3. HP: 18/30 MP: 3/3
  1544 | D:2      | Reached ** piety under Trog
  1726 | D:2      | Found a bloodstained altar of Trog.
  2001 | D:2      | Reached skill level 4 in Fighting
  2016 | D:2      | Gained mutation: You are mostly covered in thin metallic scales (AC +3). [demonic ancestry]
  2016 | D:2      | Reached XP level 4. HP: 30/37 MP: 4/4
  2898 | D:3      | Gained mutation: You have a pair of small antennae on your head. [demonic ancestry]
  2898 | D:3      | Reached XP level 5. HP: 20/43 MP: 5/5
  3069 | D:3      | Reached *** piety under Trog
  3332 | D:4      | Noticed Robin
  3392 | D:4      | Reached skill level 5 in Fighting
  3397 | D:4      | Killed Robin
  3728 | D:4      | Noticed Crazy Yiuf
  3740 | D:4      | Killed Crazy Yiuf
  3740 | D:4      | Gained mutation: A weak demonic guardian rushes to your aid. [demonic ancestry]
  3740 | D:4      | Reached XP level 6. HP: 51/51 MP: 6/6
  3798 | D:4      | Noticed an ogre
  3813 | D:4      | Killed an ogre
  4163 | D:5      | Entered Level 5 of the Dungeon
  4170 | D:5      | Reached skill level 5 in Long Blades
  4381 | D:5      | Gained mutation: You have a pair of antennae on your head. [demonic ancestry]
  4381 | D:5      | Reached XP level 7. HP: 28/56 MP: 7/7
  4634 | D:5      | Reached skill level 6 in Long Blades
  4668 | D:5      | Found a staircase to the Ecumenical Temple.
  4817 | D:5      | Found a white marble altar of Elyvilon.
  5190 | D:6      | Reached skill level 7 in Long Blades
  5212 | D:6      | Reached **** piety under Trog
  5700 | D:6      | Gained mutation: You sometimes gain a little power by taking damage. [demonic ancestry]
  5700 | D:6      | Reached XP level 8. HP: 58/63 MP: 8/8
  5717 | D:6      | Reached skill level 8 in Long Blades
  5878 | D:6      | Found Alieb's Antique Weapon Boutique.
  5944 | D:6      | Found Buril's Gadget Shoppe.
  6018 | D:6      | Found Zofismann's Antique Weapon Emporium.
  6040 | D:6      | Reached skill level 9 in Long Blades
  6073 | D:6      | Found Caar Emp's Gadget Shop.
  6084 | D:6      | Noticed a hill giant
  6096 | D:6      | Killed a hill giant
  6096 | D:6      | Reached skill level 10 in Long Blades
  6212 | D:6      | Reached XP level 9. HP: 52/68 MP: 9/9
  6213 | D:6      | Found a blossoming altar of Fedhas.
  6470 | D:6      | Found Jaqow's General Store.
  6472 | D:6      | Noticed Sigmund
  6480 | D:6      | Killed Sigmund
  6692 | D:7      | Noticed a komodo dragon
  6814 | D:7      | Found a shimmering altar of Xom.
  7027 | D:7      | Noticed emiel's ghost (novice DsAs)
  7043 | D:7      | Killed a komodo dragon
  7043 | D:7      | Reached skill level 11 in Long Blades
  7051 | D:7      | Killed emiel's ghost
  7392 | D:7      | Reached skill level 12 in Long Blades
  7842 | D:7      | Found a shattered altar of Ashenzari.
  7842 | D:7      | Found a deep blue altar of Sif Muna.
  7843 | D:7      | Found an opulent altar of Gozag.
  8278 | D:8      | Found Efepp's Weapon Shoppe.
  8279 | D:8      | Found Finun's Antique Armour Emporium.
  8303 | D:8      | Found Muleed's Food Emporium.
  8381 | D:8      | Gained mutation: You are completely covered in thin metallic scales (AC +4, rElec). [demonic ancestry]
  8381 | D:8      | Reached XP level 10. HP: 73/75 MP: 10/10
  8414 | D:8      | Found an ancient bone altar of Kikubaaqudgha.
  8487 | D:8      | Reached ***** piety under Trog
  8499 | D:8      | Found a bloodstained altar of Trog.
  8855 | D:8      | Found a staircase to the Lair.
  8856 | D:8      | Noticed an elephant
  8882 | D:8      | Killed an elephant
  9060 | D:8      | Found a burning altar of Makhleb.
  9090 | D:8      | Found a stormy altar of Qazlal.
  9090 | D:8      | Found a glowing golden altar of the Shining One.
  9341 | D:9      | Found Zoen Wuich's Distillery.
  9348 | D:9      | Bought 2 potions of curing for 60 gold pieces
  9348 | D:9      | Bought a potion of curing for 30 gold pieces
  9348 | D:9      | Bought a potion of heal wounds for 50 gold pieces
  9348 | D:9      | Bought 2 potions of heal wounds for 100 gold pieces
  9413 | D:9      | Reached skill level 13 in Long Blades
  9413 | D:9      | Reached skill level 5 in Armour
  9424 | D:9      | Found a staircase to the Orcish Mines.
  9627 | D:9      | Found a snail-covered altar of Cheibriados.
 10308 | D:10     | Entered Level 10 of the Dungeon
 10312 | D:10     | Found an iron altar of Okawaru.
 10497 | D:10     | Gained mutation: You have a pair of large antennae on your head (SInv). [demonic ancestry]
 10497 | D:10     | Reached XP level 11. HP: 56/80 MP: 11/11
 10597 | D:10     | Noticed emiel's ghost (novice DDNe)
 10921 | D:10     | Killed emiel's ghost
 11190 | D:10     | Received a gift from Trog
 11716 | Lair:1   | Entered Level 1 of the Lair of Beasts
 12459 | Lair:1   | Reached skill level 14 in Long Blades
 14067 | Lair:2   | Received a gift from Trog
 14312 | Lair:2   | HP: 6/120 [spiny frog (6)]
 14313 | Lair:2   | Reached XP level 12. HP: 6/86 MP: 12/12
 14314 | Lair:2   | HP: 2/129 [spiny frog (2)]
 14316 | Lair:2   | Slain by a spiny frog

Action                   |  1- 3 |  4- 6 |  7- 9 | 10-12 || total
-------------------------+-------+-------+-------+-------++-------
Melee: Falchion          |   148 |   235 |   434 |       ||   817
       Great sword       |       |       |    26 |   613 ||   639
Invok: Burn Spellbooks   |       |     1 |       |       ||     1
       Berserk           |       |     2 |     3 |     4 ||     9
       Trog's Hand       |       |       |       |     4 ||     4
Evoke: Wand              |       |       |       |     1 ||     1
  Use: Scroll            |       |     8 |       |     7 ||    15
       Potion            |       |     1 |       |       ||     1
 Stab: Sleeping          |     1 |       |       |       ||     1
       Distracted        |       |       |     2 |     4 ||     6
  Eat: Chunk             |     3 |     7 |    11 |    16 ||    37
       Bread ration      |       |     1 |     1 |     1 ||     3
       Pizza             |       |       |       |     1 ||     1
       Beef jerky        |       |       |       |     1 ||     1
